 Dungeon Crawl Stone Soup version 0.20.1-1-g8b1a95d66d (webtiles) character file.

8103 Popi the Carver (level 11, -8/86 HPs)
             Began as a Human Fighter on Dec 20, 2017.
             Was a Believer of the Shining One.
             Killed by the air
             ... invoked by Gastronok
              (20 damage)
             ... on level 10 of the Dungeon.
             The game lasted 00:43:53 (13779 turns).

Popi the Carver (Human Fighter)                    Turns: 13779, Time: 00:43:54

Health: -8/86      AC: 18    Str: 19    XL:     11   Next: 49%
Magic:  23/23      EV:  9    Int: 13    God:    the Shining One [**....]
Gold:   751        SH:  0    Dex: 14    Spells: 10/10 levels left

rFire    . . .     SeeInvis .   b - +1 triple sword (protect)
rCold    + . .     Gourm    .   (shield currently unavailable)
rNeg     + . .     Faith    .   f - +0 plate armour
rPois    .         Spirit   .   n - +3 hat of Pondering {ponderous, MR+ MP+10 Int+5}
rElec    .         Reflect  .   u - +1 cloak
rCorr    .         Harm     .   (no gloves)
MR       +....     Rnd*Tele +   (no boots)
Stlth    ..........             v - amulet of rage
Regen    0.3/turn               g - ring of teleportation (curse)
MPRegen  0.2/turn               (no ring)

@: glowing, slow
A: blurry vision 1, cold resistance 1
a: Divine Shield, Renounce Religion, Evoke Berserk Rage


You were on level 10 of the Dungeon.
You worshipped the Shining One.
The Shining One was pleased with you.
You were not hungry.

You visited 2 branches of the dungeon, and saw 11 of its levels.

You collected 751 gold pieces.

Inventory:

Hand Weapons
 a - a +0 long sword
 b - a +1 triple sword of protection (weapon)
 t - a +0 great sword
 w - the +7 short sword "Plog" {freeze, Int+5 Dex-5, unknown}
   (You found it on level 7 of the Dungeon)

   It has been specially enchanted to freeze those struck by it, causing extra
   injury to most foes and up to half again as much damage against particularly
   susceptible opponents.
   It can also slow down cold-blooded creatures.
   It affects your intelligence (+5).
   It affects your dexterity (-5).
Armour
 f - a +0 plate armour (worn)
 l - a +0 large shield
 n - the +3 hat of Pondering (worn) {ponderous, MR+ MP+10 Int+5}
   (You found it on level 10 of the Dungeon)

   It affects your intelligence (+5).
   It affects your resistance to hostile enchantments.
   It affects your magic capacity (+10).
 u - a +1 cloak (worn)
Jewellery
 d - an uncursed amulet of faith
 g - a cursed ring of teleportation (left hand)
 v - an amulet of rage (around neck)
Wands
 c - a wand of iceblast (11/15)
 e - a wand of flame (22/48)
 y - a wand of digging (17/24)
Scrolls
 h - 12 scrolls of teleportation
 j - 3 scrolls of remove curse
 k - 3 scrolls of fear
 m - 4 scrolls of identify
Potions
 o - 2 potions of lignification
 q - 2 potions of heal wounds
 s - 2 potions of curing
 x - a potion of flight
 B - a potion of mutation
 C - a potion of resistance {unknown}
Comestibles
 p - 4 fruits
 r - 5 bread rations
 A - a meat ration


   Skills:
 - Level 8.0 Fighting
 - Level 10.0 Long Blades
 - Level 7.0 Armour
 - Level 6.1 Dodging
 - Level 8.0 Shields
 + Level 3.0 Evocations


You had 10 spell levels left.
You didn't know any spells.

Dungeon Overview and Level Annotations

Branches:
Dungeon (10/15)            Temple (1/1) D:6            Lair (0/6) D:10
    Orc: D:9-12

Altars:
Ashenzari
Cheibriados
Dithmenos
Elyvilon
Fedhas
Gozag
Hepliaklqana
Kikubaaqudgha
Makhleb
Nemelex Xobeh
Okawaru
Qazlal
Ru
Sif Muna
Trog
Uskayaw
Vehumet
Xom
Yredelemnul
Zin
The Shining One
Jiyva

Annotations:
D:10 1 transporter, Gastronok


Innate Abilities, Weirdness & Mutations

Scrolls take you a little longer to read.
Your flesh is cold resistant. (rC+)


Message History

Something unseen opens the door.
You close the door.
You open the door.
There is an open door here.
Things that are here:
a killer bee corpse x3
There is a stone staircase leading down here.
The electric eel shoots out a bolt of lightning at you!
The bolt of electricity hits the electric eel.
The electric eel completely resists.
The bolt of electricity hits you!
* * * LOW HITPOINT WARNING * * *
The electric eel shoots out a bolt of lightning at you!
The bolt of electricity misses you.
The electric eel shoots out a bolt of lightning at you!
The bolt of electricity hits the electric eel.
The electric eel completely resists.
The bolt of electricity hits you!
* * * LOW HITPOINT WARNING * * *
Gastronok waves his eye-stalks in wide circles.
The air twists around and strikes you!
You die...

....#...#..#.....# #.. #.#
#####...'..#.....# +..###.#
######..#.....# #......#
#.......#.....# #......#
+.......'.....# #......#
####.......#.....# #......#
...#.......#.....# #......#
...#.......#.....# #......#
...#.......#....@# #......#
'###.......#.....# #......#
..w........#.....#######......#
###........#..................#
# #.....>..w..................#
###.......................###.#
..........................###.#
..............................#
###############################


You could see Gastronok.

Vanquished Creatures
  3 trolls
  5 hippogriffs
  A spriggan (D:7)
  10 yaks
  2 water moccasins (D:10)
  A sky beast (D:5)
  An orc warrior (D:8)
  5 ice beasts
  3 phantoms
  4 wolves (D:10)
  2 ogres
  6 centaurs
  A crocodile (D:8)
  A big kobold (D:10)
  Blork the orc (D:4)
  5 bullfrogs
  A wyvern zombie (D:9)
  6 scorpions
  6 killer bees
  A howler monkey (D:5)
  5 wights
  The ghost of Jynx the Sneak, a weakling OpAs (D:3)
  7 crimson imps
  2 quasits
  3 hounds
  A bullfrog skeleton (D:5)
  A centaur skeleton (D:6)
  2 orc priests
  A jelly (D:7)
  6 orc wizards
  5 worker ants
  3 hound skeletons
  Robin (D:3)
  22 gnolls
  A howler monkey skeleton (D:8)
  18 adders
  5 shadow imps
  2 worms
  4 dart slugs
  4 leopard geckos
  26 orcs
  A ball python (D:3)
  10 bats
  5 giant cockroaches
  15 hobgoblins
  22 jackals
  14 kobolds
  A quokka (D:2)
  7 frilled lizards
  19 goblins
  A leopard gecko skeleton (D:4)
  3 quokka skeletons
  5 rats
288 creatures vanquished.

Vanquished Creatures (others)
  A centaur (D:5)
  A howler monkey (D:5)
  A quokka (D:5)
3 creatures vanquished.

Grand Total: 291 creatures vanquished

Notes
Turn   | Place    | Note
-------+----------+-------------------------------------------
     0 | D:1      | Popi the Human Fighter began the quest for the Orb.
     0 | D:1      | Reached XP level 1. HP: 18/18 MP: 1/1
   177 | D:1      | Reached XP level 2. HP: 24/24 MP: 2/2
   217 | D:1      | Reached XP level 3. HP: 20/29 MP: 3/3
   951 | D:2      | Reached XP level 4. HP: 14/37 MP: 4/4
  1352 | D:2      | Reached skill level 3 in Long Blades
  2069 | D:3      | Found a burning altar of Makhleb.
  2070 | D:3      | Noticed Jynx's ghost (weakling OpAs)
  2192 | D:3      | Reached XP level 5. HP: 39/42 MP: 5/5
  2364 | D:3      | Noticed Robin
  2524 | D:3      | Reached skill level 4 in Long Blades
  2597 | D:3      | Killed Robin
  2977 | D:3      | Killed Jynx's ghost
  2977 | D:3      | Reached XP level 6. HP: 43/49 MP: 6/6
  3095 | D:3      | Reached skill level 5 in Long Blades
  3393 | D:3      | Noticed a phantom
  3866 | D:3      | Killed a phantom
  3866 | D:3      | Reached skill level 5 in Fighting
  3866 | D:3      | Reached XP level 7. HP: 28/56 MP: 7/7
  4718 | D:3      | Reached skill level 6 in Long Blades
  4718 | D:3      | Reached skill level 1 in Dodging
  5148 | D:4      | Found a snail-covered altar of Cheibriados.
  5228 | D:4      | Found an opulent altar of Gozag.
  5265 | D:4      | Noticed Blork the orc
  5277 | D:4      | Killed Blork the orc
  5369 | D:4      | Found an ancient bone altar of Kikubaaqudgha.
  5507 | D:4      | Reached XP level 8. HP: 60/62 MP: 8/8
  5563 | D:3      | Reached skill level 5 in Armour
  6085 | D:5      | Entered Level 5 of the Dungeon
  6170 | D:5      | Found a shimmering altar of Xom.
  6433 | D:5      | Reached skill level 7 in Long Blades
  6836 | D:5      | Reached XP level 9. HP: 21/68 MP: 9/9
  7069 | D:5      | Gained mutation: You are weak. (Str -2) [potion of mutation]
  7069 | D:5      | Gained mutation: You have a pair of small horns on your head. [potion of mutation]
  7070 | D:5      | Lost mutation: You have a pair of small horns on your head. [potion of mutation]
  7070 | D:5      | Lost mutation: You are weak. (Str -2) [potion of mutation]
  7070 | D:5      | Gained mutation: You have a pair of small horns on your head. [potion of mutation]
  7070 | D:5      | Gained mutation: You are dopey. (Int -2) [potion of mutation]
  7070 | D:5      | Gained mutation: You evolve. [potion of mutation]
  7070 | D:5      | Gained mutation: You are resistant to hostile enchantments. (MR+) [potion of mutation]
  7071 | D:5      | Lost mutation: You have a pair of small horns on your head. [potion of mutation]
  7071 | D:5      | Lost mutation: You are resistant to hostile enchantments. (MR+) [potion of mutation]
  7071 | D:5      | Lost mutation: You are dopey. (Int -2) [potion of mutation]
  7071 | D:5      | Lost mutation: You evolve. [potion of mutation]
  7071 | D:5      | Gained mutation: Scrolls take you a little longer to read. [potion of mutation]
  7071 | D:5      | Gained mutation: Your flesh is cold resistant. (rC+) [potion of mutation]
  7245 | D:5      | Found a white marble altar of Elyvilon.
  7670 | D:6      | Found a staircase to the Ecumenical Temple.
  7720 | Temple   | Entered the Ecumenical Temple
  7889 | D:6      | Found a radiant altar of Vehumet.
  7904 | D:6      | Reached skill level 8 in Long Blades
  8218 | D:6      | Found a glowing golden altar of the Shining One.
  8239 | D:6      | Became a worshipper of the Shining One
  8479 | D:7      | Found a shattered altar of Ashenzari.
  8499 | D:7      | Noticed a hippogriff
  8509 | D:7      | Killed a hippogriff
  9074 | D:7      | Found a glowing golden altar of the Shining One.
  9371 | D:7      | Reached skill level 5 in Dodging
  9371 | D:7      | Reached XP level 10. HP: 79/79 MP: 10/10
  9579 | D:7      | Found a shimmering altar of Xom.
  9634 | D:7      | Got an ichor-stained short sword
 10233 | D:8      | Identified a scroll of acquirement
 10470 | D:9      | Found a hazy altar of Hepliaklqana.
 10474 | D:9      | Reached skill level 5 in Shields
 10560 | D:9      | Found a blossoming altar of Fedhas.
 11025 | D:9      | Reached * piety under the Shining One
 11791 | D:9      | Reached XP level 11. HP: 65/84 MP: 11/11
 11807 | D:9      | Reached skill level 9 in Long Blades
 12240 | D:9      | Noticed a two-headed ogre
 12388 | D:10     | Entered Level 10 of the Dungeon
 12505 | D:10     | Reached ** piety under the Shining One
 12519 | D:10     | Found a viscous altar of Jiyva.
 12655 | D:10     | Found a staircase to the Lair.
 12658 | D:10     | Found a transporter.
 12844 | D:10     | Noticed Gastronok
 13037 | D:10     | Reached skill level 10 in Long Blades
 13465 | D:10     | Reached skill level 1 in Evocations
 13650 | D:10     | Found a transporter.
 13656 | D:10     | Noticed a glowing orange brain
 13681 | D:10     | The Shining One protects you from harm!
 13779 | D:10     | Killed from afar by Gastronok

Skill      XL: |  1  2  3  4  5  6  7  8  9 10 11 |
---------------+----------------------------------+-----
Fighting       | 4 5 7 8 |  8.0
Long Blades    | 3 4 5 6 7 8 10 | 10.0
Dodging        | 1 4 5 6 |  6.1
Armour         | 4 5 7 |  7.0
Shields        | 7 8 |  8.0
Evocations     | 3 |  3.0

Action                   |  1- 3 |  4- 6 |  7- 9 | 10-12 || total
-------------------------+-------+-------+-------+-------++-------
Melee: Long sword        |   104 |   251 |   569 |    11 ||   935
       Triple sword      |       |       |       |   217 ||   217
       Great sword       |       |       |       |    34 ||    34
  Use: Potion            |       |       |    10 |     4 ||    14
       Scroll            |       |       |     8 |    10 ||    18
  Eat: Chunk             |       |    10 |    19 |    14 ||    43
Armor: Scale mail        |    58 |   129 |   139 |       ||   326
       Plate armour      |       |       |   165 |   313 ||   478
Dodge: Dodged            |    69 |   162 |   292 |   192 ||   715
       Rpst.: Long sword |    21 |    50 |    81 |       ||   152
       Triple sword      |       |       |       |    53 ||    53
       Great sword       |       |       |       |     2 ||     2
